 Dungeon Crawl Stone Soup version 0.28-a0-728-g0181a31188 (webtiles) character file.

Game seed: 4591486865074553250

1304 rilgfn the Covert (level 8, -18/33 (36) HPs)
             Began as a Spriggan Enchanter on Oct 28, 2021.
             Killed from afar by an orc sorcerer (35 damage)
             ... with a bolt of negative energy
             ... on level 8 of the Dungeon.
             The game lasted 00:18:50 (10513 turns).

rilgfn the Covert (Spriggan Enchanter)             Turns: 10513, Time: 00:18:50

HP:   -18/33 (36)   AC:  3    Str:  6    XL:     8   Next: 31%
MP:   19/21         EV: 17    Int: 17    God:
Gold: 312           SH:  0    Dex: 15    Spells: 15/23 levels left

rFire   + . .      SeeInvis +   s - +4 dagger (venom)
rCold   . . .      Faith    .   (shield restricted)
rNeg    . . .      Spirit   .   b - +1 robe
rPois   .          Reflect  .   (helmet restricted)
rElec   .          Harm     .   (no cloak)
rCorr   +          Rampage  .   (gloves unavailable)
Will    +....                   (boots unavailable)
Stlth   ++++......              (no amulet)
HPRegen 0.11/turn               m - ring of resist corrosion
MPRegen 0.17/turn               v - ring of protection from fire

@: mighty, drained, very quick
A: very small, no large weapons, unfitting armour, see invisible, speed 3
a: no special abilities


You were on level 8 of the Dungeon.
You visited 2 branches of the dungeon, and saw 9 of its levels.

You collected 542 gold pieces.
You spent 230 gold pieces at shops.

Inventory:

Hand Weapons
 o - a +2 dagger of draining
 s - a +4 dagger of venom (weapon)
 w - a +4 dagger of pain
Missiles
 a - 7 poisoned darts
 n - 3 atropa-tipped darts (quivered)
 q - a throwing net
Armour
 b - a +1 robe (worn)
Jewellery
 m - a ring of resist corrosion (left hand)
 v - a ring of protection from fire (right hand)
Wands
 f - a wand of flame (34)
 t - a wand of digging (6)
 u - a wand of paralysis (15)
Scrolls
 h - 3 scrolls of amnesia
 k - 3 scrolls of teleportation
 l - 7 scrolls of identify
Potions
 c - a potion of magic
 d - 3 potions of flight
 e - 6 potions of curing
 g - 2 potions of heal wounds
 i - a potion of ambrosia
 j - 4 potions of brilliance
 p - 2 potions of lignification


   Skills:
 - Level 1.1 Short Blades
 - Level 2.6 Dodging
 + Level 8.8 Stealth
 + Level 8.0 Spellcasting
 + Level 8.4 Hexes


You had 15 spell levels left.
You knew the following spells:

 Your Spells              Type           Power      Damage    Failure   Level
a - Ensorcelled Hibernat  Hex/Ice        42%        N/A       2%          2
b - Tukima's Dance        Hex            35%        N/A       1%          3
c - Dazzling Flash        Conj/Hex       42%        N/A       5%          3

Your spell library contained the following spells:

 Spells                   Type           Power      Damage    Failure   Level
 Confusing Touch          Hex            35%        N/A       1%          3
 Animate Skeleton         Necr           12%        N/A       11%         1
 Apportation              Tloc           12%        N/A       11%         1
 Pain                     Necr           24%        1d5       11%         1
 Summon Small Mammal      Summ           24%        N/A       11%         1
 Passwall                 Tmut/Erth      5%         N/A       16%         2
 Swiftness                Air            6%         N/A       30%         3
 Invisibility             Hex            17%        N/A       45%         6
 Agony                    Necr           6%         N/A       96%         5
 Excruciating Wounds      Necr           3%         N/A       96%         5
 Dispersal                Tloc           3%         N/A       100%        6
 Disjunction              Tloc           3%         N/A       100%        8


Dungeon Overview and Level Annotations

Branches:
Dungeon (8/15)             Temple (1/1) D:5
   Lair: D:8-11

Altars:
Ashenzari
Cheibriados
Elyvilon
Fedhas
Gozag
Hepliaklqana
Kikubaaqudgha
Nemelex Xobeh
Okawaru
Qazlal
Ru
Sif Muna
Trog
Vehumet
Wu Jian
Xom
Yredelemnul
The Shining One

Shops:
D:1 !   D:2 ![*=?   D:3 (   D:6 *

Annotations:
D:3 Natasha
D:4 2 runed translucent doors, atomjack's ghost, amateur BaAM
D:5 2 transporters, Crumbo's ghost, novice DECj


Innate Abilities, Weirdness & Mutations

You are very small and have problems with some larger weapons.
You are too small for most types of armour.
You have supernaturally acute eyesight. (SInv)
You cover ground extremely quickly. (Speed+++)


Message History

The orc sorcerer shouts!
The orc sorcerer points at you and mumbles some strange words.
The bolt of fire hits you!! You resist.
Ouch! That really hurt!
Found a club.
You feel much better.
You feel very mighty all of a sudden.
Unknown command.
You see here 15 sling bullets.
The orc sorcerer hits you with a +0 dagger.
You puncture the orc sorcerer!
The orc sorcerer is poisoned.
The orc sorcerer is moderately wounded.
The orc sorcerer points at you and mumbles some strange words.
You easily resist.
You puncture the orc sorcerer!
The orc sorcerer looks as sick as possible!
The orc sorcerer is heavily wounded.
You hit the orc sorcerer but do no damage.
The orc sorcerer looks as sick as possible!
The orc sorcerer is heavily wounded.
The orc sorcerer hits you with a +0 dagger!
You hit the orc sorcerer.
The orc sorcerer looks as sick as possible!
The orc sorcerer is severely wounded.
The orc sorcerer hits you with a +0 dagger.
You are too injured to fight recklessly!
You are too injured to fight recklessly!
You are too injured to fight recklessly!
You are too injured to fight recklessly!
You are too injured to fight recklessly!
Casting: Ensorcelled Hibernation (safe; 2% risk of failure)
Confirm with . or Enter, or press ? or * to list all spells.
Aiming: Ensorcelled Hibernation (safe; 2% risk of failure)
Press: ? - help, Shift-Dir - straight line, f - orc sorcerer
Aim: an orc sorcerer, wielding a +0 dagger and wearing a +0 robe (almost dead, extremely poisoned, chance to affect: 33%)
The orc sorcerer easily resists.
The orc sorcerer points at you and mumbles some strange words.
The bolt of negative energy hits you!!
You feel drained.
Ouch! That really hurt!
You die...

#. #.# #.# #># #..
#.# ###.
##.########.###....
#.....#......<.....
#.#............####
#...≈≈≈≈≈≈≈....#
#.(≈≈##.##≈≈.###
#.@≈##...##≈.#
#..o#...).#≈.#
#......[...≈.......
##.≈#...).#≈.......
#.≈##...##≈.......
#.≈≈##.##≈≈.......
#..≈≈≈.≈≈≈........
##.... ...........
####.......


You could see an orc sorcerer (extremely poisoned).

Vanquished Creatures
  A black bear (D:2)
  An ice beast (D:5)
  2 centaurs (D:5)
  A kobold brigand (D:6)
  2 bullfrogs (D:7)
  A scorpion (D:7)
  A water moccasin zombie (D:6)
  A bullfrog zombie (D:6)
  A centaur zombie (D:6)
  3 hounds
  An orc priest (D:6)
  A jelly (D:5)
  2 iguanas
  A bullfrog skeleton (D:5)
  Ijyb (D:5)
  Natasha (twice) (D:3)
  2 orc wizards
  A killer bee zombie (D:5)
  Robin (D:3)
  A howler monkey skeleton (D:5)
  A gnoll (D:1)
  6 adders
  A white imp (D:6)
  An adder zombie (D:5)
  2 adder skeletons (D:4)
  A worm (D:2)
  2 dart slugs
  12 orcs
  5 endoplasms
  4 giant cockroaches
  13 goblins
  5 hobgoblins
  13 jackals
  6 kobolds
  2 quokkas (D:3)
  6 ball pythons
  5 bats
  2 frilled lizards
  4 rats
118 creatures vanquished.

Vanquished Creatures (collateral kills)
  An endoplasm (D:2)
1 creature vanquished.

Vanquished Creatures (others)
  3 fungi (D:7)
  A plant (D:5)
4 creatures vanquished.

Grand Total: 123 creatures vanquished

Notes
Turn   | Place    | Note
-------+----------+-------------------------------------------
     0 | D:1      | rilgfn the Spriggan Enchanter began the quest for the Orb.
     0 | D:1      | Reached XP level 1. HP: 9/9 MP: 5/5
    14 | D:1      | Found Lunuh's Distillery.
   679 | D:2      | Reached XP level 2. HP: 13/13 MP: 7/7
   682 | D:2      | Learned a level 2 spell: Ensorcelled Hibernation
   856 | D:2      | Found Zowiwixa's Distillery.
   877 | D:2      | Found Xolyif Epru's Antique Armour Emporium.
   899 | D:2      | Found Ydi Nostu's Jewellery Shop.
  1583 | D:2      | Found Orear's Assorted Antiques.
  1616 | D:2      | Reached XP level 3. HP: 6/16 MP: 1/9
  1892 | D:2      | Learned a level 3 spell: Tukima's Dance
  1896 | D:2      | Learned a level 3 spell: Dazzling Flash
  1906 | D:2      | Bought a glowing green potion for 20 gold pieces
  1906 | D:2      | Bought a fizzy pink potion for 20 gold pieces
  1952 | D:2      | Noticed a black bear
  2123 | D:2      | Killed a black bear
  2124 | D:2      | Reached skill level 5 in Hexes
  2124 | D:2      | Reached XP level 4. HP: 19/21 MP: 1/11
  2225 | D:2      | Found Gustridiv's Magic Scroll Shoppe.
  2312 | D:2      | Bought a scroll labelled KOBBAL BUUT for 23 gold pieces
  2312 | D:2      | Bought a scroll labelled DADOME VIOMONT for 23 gold pieces
  2416 | D:1      | Reached XP level 5. HP: 24/24 MP: 9/13
  2418 | D:1      | Reached skill level 5 in Spellcasting
  2483 | D:1      | Bought a potion of curing for 36 gold pieces
  2483 | D:1      | Bought a potion of degeneration for 12 gold pieces
  2511 | D:1      | Found a faded altar of an unknown god.
  3215 | D:3      | Found an opulent altar of Gozag.
  3286 | D:2      | Bought a scroll of identify for 46 gold pieces
  3316 | D:3      | Noticed Natasha
  3340 | D:3      | Found Ewkosot's Antique Weapon Emporium.
  3369 | D:3      | Killed Natasha
  3373 | D:3      | Noticed Natasha
  3817 | D:3      | Killed Natasha
  4132 | D:3      | Noticed Robin
  4168 | D:3      | Noticed Natasha
  4329 | D:3      | Killed Robin
  4970 | D:4      | Reached skill level 5 in Stealth
  4970 | D:4      | Reached XP level 6. HP: 28/28 MP: 12/15
  5737 | D:4      | Found a large runed translucent door.
  5738 | D:4      | Found a large runed translucent door.
  5741 | D:4      | Noticed atomjack's ghost (amateur BaAM)
  6005 | D:5      | Entered Level 5 of the Dungeon
  6022 | D:5      | Found a bloodstained altar of Trog.
  7012 | D:5      | Noticed an ice beast
  7031 | D:5      | Killed an ice beast
  7303 | D:5      | Noticed Ijyb
  7313 | D:5      | Killed Ijyb
  7344 | D:5      | Reached XP level 7. HP: 12/32 MP: 12/17
  7549 | D:5      | Found a staircase to the Ecumenical Temple.
  7554 | Temple   | Entered the Ecumenical Temple
  7778 | D:5      | Found a hazy altar of Hepliaklqana.
  7885 | D:5      | Found a transporter.
  7888 | D:5      | Noticed Crumbo's ghost (novice DECj)
  7890 | D:5      | Found a transporter.
  8236 | D:5      | Found a sparkling altar of Nemelex Xobeh.
  8433 | D:5      | Found an ornate altar of the Wu Jian Council.
  8555 | D:6      | Found Iherem Kuxza's Assorted Antiques.
  8578 | D:6      | Bought a scroll labelled VEFUICR YRPHU for 25 gold pieces
  8578 | D:6      | Bought a scroll labelled XIWAUT JUPA for 25 gold pieces
  9401 | D:6      | Reached XP level 8. HP: 25/36 MP: 12/20
  9939 | D:7      | Found a blossoming altar of Fedhas.
  9939 | D:7      | Found a sacrificial altar of Ru.
 10491 | D:8      | Noticed an orc sorcerer
 10513 | D:8      | Killed from afar by an orc sorcerer

Illustrated notes

Levels and vault maps discovered:
D:1:      dpeg_arrival_arbitrary_c, layout_basic, serial_shops, shop,
          hellmonk_ecumenical_altar_lost_god, minivault_5, serial_bayou_ford_a
D:2:      layout_basic, serial_shops, shop_coins, nicolae_shop_trees,
          nicolae_lakefront_shop, shop, nicolae_shop_crystal
D:3:      layout_basic, nicolae_gozag_seed_capital, serial_shops,
          nicolae_shop_overgrown_old_shop, uniq_natasha, uniq_robin
D:4:      layout_cave_pods, ebering_ghost_disaster_area
D:5:      layout_rooms, kennysheep_little_box, mainiacjoe_overflow_paths,
          lemuel_crystal_altar, nicolae_hepliaklqana_hazy_memory,
          minmay_temple_entry_glassed_door, gammafunk_ghost_mausoleum,
          chequers_serial_rivers_micro_e, uniq_ijyb
D:6:      layout_basic, nicolae_stop_n_shop_1, kennysheep_donut
D:7:      layout_gridville, mainiacjoe_overflow_catch_the_wave,
          lemuel_old_faithful
D:8:      cheibrodos_wizards_tower, layout_rooms,
          mainiacjoe_overflow_cross_hatched, mainiacjoe_overflow_boulevard,
          nicolae_overflow_hidden_temple, enter_bailey_6
Temple:   jpeg_temple_clearing

Skill      XL: |  1  2  3  4  5  6  7  8 |
---------------+-------------------------+-----
Spellcasting   | 3 4 5 6 7 8 |  8.0
Hexes          | 4 5 6 7 8 |  8.4
Stealth        | 5 6 8 |  8.8
Short Blades   | |  1.1
Dodging        | |  2.6

Action                   |  1- 3 |  4- 6 |  7- 9 || total
-------------------------+-------+-------+-------++-------
Melee: Dagger            |    81 |   209 |   113 ||   403
 Cast: Ensorcelled Hiber |    19 |    33 |    11 ||    63
       Tukima's Dance    |       |     1 |     1 ||     2
       Dazzling Flash    |       |     1 |       ||     1
  Use: Scroll            |     5 |    10 |     5 ||    20
       Potion            |       |     3 |     2 ||     5
 Stab: Sleeping          |    17 |    33 |    18 ||    68
       Invisible         |       |     5 |       ||     5
       Distracted        |       |       |     1 ||     1
Armor: Robe              |     5 |    26 |    10 ||    41
Dodge: Dodged            |    57 |   177 |    93 ||   327

Table legend: (Time is in decaauts)
 A = Elapsed time spent in this place.
 B = Non-inter-level travel time spent in this place.
 C = Inter-level travel time spent in this place.
 D = Time resting spent in this place.
 E = Time spent auto-exploring this place.
 F = Levels seen in this place.
 G = Mean time per level.
                   A        B        C        D        E       F      G
               +--------+--------+--------+--------+--------+-----+--------+
         Total |   8518 |   8212 |    306 |   3274 |   3649 |   9 |  946.4 |
       Dungeon |   8434 |   8139 |    295 |   3274 |   3583 |   8 | 1054.2 |
        Temple |     84 |     73 |     11 |      0 |     66 |   1 |   84.0 |
               +--------+--------+--------+--------+--------+-----+--------+

Top non-repeatable levels by time:
     D:2: 2148 daAuts
     D:4: 1703 daAuts
     D:5: 1304 daAuts
     D:3: 1096 daAuts
     D:6: 1088 daAuts
     D:1: 639 daAuts
     D:7: 433 daAuts
  Temple: 84 daAuts
     D:8: 20 daAuts
